Map: Bridgehead LE (Void)

Players

Nerchio - Winner!

  • Race: Zerg Zerg
  • League: Diamond

qxc

  • Race: Terran Terran
  • League: Master

Event: Lycan League Weekly August #3

VOD

Have the link to the VOD?

Description

Time

  • Played on: Aug. 17, 2015, 2:19 p.m.
  • Length: 10:19

All games in this series

Show
View Real Time Build Order
Export as new Build Order

Nerchio Zerg - Winner!

Build Orders: Hatch First 

Get SALT Encoding   

  12  0:01  Drone  
  13  0:12  Overlord  
  13  0:17  Drone  
  14  0:31  Drone x2  
  14  0:34  Drone  
  17  0:53  Hatchery  
  17  0:54  Drone  
  17  0:59  Drone  
  17  1:02  Extractor  
  17  1:14  Spawning Pool  
  17  1:18  Drone  
  17  1:21  Drone  
  18  1:28  Drone  
  19  1:38  Overlord  
  19  1:49  Drone  
  20  2:01  Metabolic Boost, Queen  
  20  2:02  Zergling x2  
  20  2:06  Queen  
  25  2:09  Zergling x2  
  25  2:13  Drone  
  27  2:16  Drone  
  27  2:21  Drone  
  29  2:26  Drone  
  29  2:37  Overlord, Queen  
  31  2:45  Zergling x4  
  33  2:58  Drone x2  
  35  2:59  Drone  
  36  3:09  Drone x3  
  36  3:12  Drone  
  40  3:14  Hatchery  
  40  3:15  Drone  
  40  3:16  Drone  
  40  3:20  Drone x2  
  40  3:26  Drone x2  
  44  3:35  Roach Warren  
  44  3:37  Overlord  
  43  3:43  Drone  
  43  3:47  Overlord  
  44  3:52  Overlord  
  43  3:57  Drone  
  43  3:59  Drone x6  
  43  4:00  Drone, Extractor  
  43  4:01  Drone  
  51  4:11  Overlord  
  51  4:18  Roach x3  
  51  4:24  Roach  
  59  4:28  Roach x2  
  59  4:29  Roach  
  59  4:30  Roach x2  
  69  4:32  Roach  
  69  4:36  Roach  
  72  4:40  Overlord  
  72  4:45  Drone x5  
  77  4:47  Drone  
  77  4:51  Overlord  
  78  4:57  Overlord, Drone  
  78  4:59  Lair  
  79  5:00  Drone  
  79  5:01  Extractor  
  79  5:03  Extractor  
  78  5:12  Drone x3  
  78  5:13  Drone  
  78  5:14  Drone x4  
  84  5:15  Drone x3  
  84  5:16  Drone  
  84  5:18  Drone  
  84  5:19  Drone  
  92  5:23  Extractor  
  92  5:24  Drone x2  
  92  5:25  Drone x2  
  95  5:30  Extractor  
  95  5:31  Overlord  
  95  5:34  Evolution Chamber, Drone  
  95  5:35  Evolution Chamber, Drone  
  94  5:43  Overlord x2  
  94  5:46  Roach x2  
  100  5:50  Roach  
  100  5:51  Roach x3  
  106  6:00  Glial Reconstitution  
  106  6:02  Zergling x2  
  106  6:03  Zergling x16  
  115  6:07  Zergling x2  
  116  6:16  Zergling x12  
  122  6:19  Overlord x2  
  122  6:22  Overlord  
  122  6:28  Overlord  
  122  6:31  Drone  
  122  6:32  Zerg Ground Armor Level 1  
  116  6:33  Drone, Zerg Melee Weapons Level 1  
  116  6:34  Drone x2  
  111  6:40  Drone  
  111  6:41  Drone x2  
  111  6:44  Infestation Pit  
  110  6:47  Hatchery  
  110  6:48  Zergling x4  
  110  6:49  Zergling x2  
  112  6:55  Zergling x4  
  112  6:56  Hatchery  
  112  6:58  Zergling x2  
  110  7:05  Roach  
  110  7:06  Roach x6  
  110  7:07  Roach  
  126  7:10  Zergling x6  
  126  7:12  Zergling x2  
  126  7:13  Zergling x4  
  126  7:15  Zergling x2  
  133  7:23  Spire  
  133  7:25  Hive  
  133  7:26  Zergling x6  
  135  7:31  Overlord  
  135  7:32  Overlord  
  135  7:38  Zergling x2  
  135  7:40  Zergling x2  
  135  7:41  Zergling x6  
  140  7:49  Zergling x22  
  145  8:00  Zergling x6  
  145  8:04  Drone  
  144  8:06  Queen  
  144  8:15  Pneumatized Carapace  
  142  8:22  Zergling x2  
  142  8:23  Zergling x2  
  142  8:24  Overlord  
  144  8:34  Corruptor x6  
  156  8:41  Corruptor  
  156  8:42  Corruptor  
  156  8:45  Corruptor  
  156  8:47  Corruptor  
  164  8:50  Corruptor  
  164  8:54  Corruptor  
  168  8:57  Zergling x8  
  168  9:01  Overlord  
  168  9:02  Overlord  
  172  9:05  Overlord  
  172  9:07  Zergling x2  
  172  9:08  Overlord  
  171  9:30  Zergling x36  
  189  9:35  Zergling x2  
  189  9:36  Zergling x14  
  194  9:45  Zergling x4  
  190  9:47  Zergling x2  
  190  9:48  Zergling x4  
  190  9:51  Zergling x2  
  178  9:57  Roach  
  178  9:58  Roach x2  
Show
View Real Time Build Order
Export as new Build Order

qxc Terran 

Build Orders: Reaper Expand, MMM Bio 

Get SALT Encoding   

  12  0:00  SCV  
  13  0:13  SCV  
  14  0:18  Supply Depot  
  14  0:25  SCV  
  15  0:39  SCV  
  15  0:41  Barracks  
  16  0:45  Refinery  
  16  0:51  SCV  
  17  1:03  SCV  
  18  1:15  SCV  
  19  1:28  Orbital Command  
  19  1:29  Reaper  
  20  1:42  Command Center  
  20  1:48  Supply Depot  
  20  1:55  SCV  
  20  2:00  Marine  
  22  2:07  SCV  
  23  2:12  Factory  
  23  2:19  SCV  
  23  2:22  Barracks Reactor  
  24  2:26  Barracks  
  24  2:33  SCV  
  25  2:39  Barracks  
  25  2:45  SCV  
  26  2:55  Orbital Command  
  26  2:57  SCV  
  31  3:05  Hellion x2  
  31  3:06  Barracks Tech Lab  
  31  3:08  Refinery  
  31  3:17  SCV  
  32  3:22  Barracks Reactor, SCV  
  32  3:28  Hellion  
  32  3:29  SCV  
  32  3:31  Hellion  
  37  3:34  SCV  
  37  3:35  Stimpack  
  37  3:40  Barracks Reactor  
  38  3:41  SCV  
  38  3:47  SCV  
  39  3:53  SCV, Hellion  
  41  3:59  Marine x3  
  41  4:02  SCV  
  45  4:03  Supply Depot  
  45  4:06  SCV  
  46  4:12  Barracks Reactor  
  46  4:15  Starport  
  46  4:24  Marine x3  
  46  4:25  SCV x2, Hellion, Supply Depot  
  54  4:31  Hellion  
  54  4:37  SCV  
  54  4:43  Supply Depot  
  54  4:44  Supply Depot  
  54  4:46  SCV, Marine x3  
  54  4:48  Marine x2  
  54  4:49  SCV  
  61  4:58  SCV  
  61  4:59  Supply Depot  
  62  5:00  Supply Depot  
  62  5:05  SCV, Medivac x2  
  67  5:09  Marauder, Marine x2  
  67  5:12  Marine  
  68  5:14  Marine  
  68  5:15  SCV  
  68  5:19  SCV  
  71  5:27  SCV  
  72  5:29  Factory Tech Lab  
  72  5:30  Marine x3  
  72  5:31  SCV, Marine  
  72  5:35  Combat Shields, Medivac  
  79  5:39  SCV  
  82  5:43  SCV  
  82  5:44  Marine  
  84  5:50  Command Center  
  84  5:52  Refinery  
  84  5:53  Siege Tank, Refinery  
  84  5:54  Marine x2  
  87  5:58  SCV  
  87  6:01  Marine  
  87  6:02  Marine, Marauder  
  92  6:04  SCV  
  92  6:08  Supply Depot  
  94  6:11  SCV  
  94  6:14  Supply Depot  
  94  6:25  SCV, Marine  
  94  6:26  Medivac  
  94  6:27  SCV  
  94  6:30  Siege Tank  
  94  6:37  SCV  
  94  6:39  Medivac  
  92  6:40  Marine x3  
  92  6:41  Marauder  
  92  6:44  SCV  
  95  6:48  Marine  
  95  6:51  SCV  
  95  6:53  Barracks  
  96  6:54  Barracks  
  96  6:56  Medivac  
  96  6:58  Marine  
  99  7:02  Marauder  
  99  7:05  Marine  
  99  7:06  Marine  
  99  7:08  SCV  
  105  7:09  Orbital Command  
  105  7:12  Medivac  
  107  7:15  Marine  
  107  7:16  Marine  
  107  7:21  Engineering Bay  
  108  7:22  Engineering Bay  
  108  7:23  Marauder  
  110  7:31  SCV  
  110  7:33  SCV, Orbital Command  
  112  7:39  Marine x4  
  112  7:43  SCV  
  117  7:45  Marauder  
  114  7:53  SCV  
  114  7:55  Siege Tank  
  117  7:59  Medivac x2  
  117  8:04  SCV  
  118  8:06  Terran Infantry Weapons Level 1, Terran Infantry Armor Level 1  
  118  8:07  SCV  
  119  8:14  Marine x2  
  119  8:15  Marauder  
  119  8:17  SCV  
  124  8:21  Marine  
  124  8:24  Barracks Reactor  
  124  8:26  Barracks Reactor  
  125  8:27  Supply Depot  
  125  8:29  Marine  
  125  8:30  SCV  
  125  8:31  Barracks  
  125  8:32  SCV, Factory  
  125  8:33  Marine x2  
  130  8:34  SCV  
  130  8:36  Marauder  
  133  8:46  Refinery  
  133  8:47  Refinery  
  133  8:48  SCV, Medivac, Siege Tank, Marine x2  
  141  8:58  Supply Depot  
  141  8:59  Supply Depot x3  
  141  9:02  Bunker x2  
  141  9:03  Liberator x2  
  141  9:17  Factory Reactor  
  141  9:20  SCV x3, Marauder, Marine x5  
  157  9:25  Marine x4  
  156  9:32  SCV x2  
  156  9:35  SCV  
  156  9:37  Marine x3  
  162  9:42  Marauder  
  162  9:44  SCV x2  
  162  9:45  Marine  
  162  9:47  Armory  
  162  9:49  SCV  
  135  9:54  Marine x2  
  118  10:00  SCV  
  118  10:02  SCV  

Tags
 
Add a new tag
Caveats
  • Supply blocks, unpowered buildings, or Contaminate may cause inaccurate times.
  • Supply counts are checked every 10 seconds.